 Dungeon Crawl Stone Soup version 0.28.0-53-g5a82cb258f (webtiles) character file.

Game seed: 1401073011177106737

1450 MiltankisOP the Insei (level 8, -2/54 HPs)
             Began as an Octopode Transmuter on July 12, 2022.
             Was an Initiate of Cheibriados.
             Slain by an unseen horror (11 damage)
             ... on level 7 of the Dungeon.
             The game lasted 00:15:24 (9154 turns).

MiltankisOP the Insei (Octopode Transmuter)         Turns: 9154, Time: 00:15:25

Health: -2/54      AC:  2    Str: 10    XL:     8   Next: 75%
Magic:  8/11       EV: 23    Int: 17    God:    Cheibriados [......]
Gold:   137        SH:  0    Dex: 20    Spells: 7/11 levels left

rFire   . . .      SeeInvis .     - Unarmed
rCold   . . .      Faith    .   (shield currently unavailable)
rNeg    + . .      Spirit   .   (helmet currently unavailable)
rPois   x          Reflect  .   (no amulet)
rElec   .          Harm     .   k - ring of positive energy
rCorr   +          Rampage  .   u - ring of resist corrosion
Will    .....                   (no ring)
Stlth   ++........              (no ring)
HPRegen 0.18/turn               (no ring)
MPRegen 0.12/turn               (no ring)
                                (no ring)
                                (no ring)

@: spider-form, very slow
A: venomous fangs, almost no armour, (amphibious), 8 rings, tiny, (camouflage
1), (gelatinous body 1), (nimble swimmer 1), (tentacles)
a: End Transformation, Renounce Religion


You were on level 7 of the Dungeon.
You worshipped Cheibriados.
Cheibriados was noncommittal.
You were a venomous arachnid creature.
You visited 2 branches of the dungeon, and saw 8 of its levels.

You collected 268 gold pieces.
You spent 131 gold pieces at shops.

Inventory:

Hand Weapons
 b - a +2 dagger of venom (melded)
Jewellery
 k - a ring of positive energy (left front leg)
 u - a ring of resist corrosion (right front leg)
 w - a ring of poison resistance
 A - a ring of fire
Wands
 q - a wand of polymorph (5)
 s - a wand of mindburst (21)
Scrolls
 c - a scroll of fog {unknown}
 d - 2 scrolls of enchant armour {unknown}
 h - a scroll of magic mapping {unknown}
 j - 4 scrolls of teleportation
 m - 2 scrolls of immolation {unknown}
 p - a scroll of amnesia {unknown}
 v - a scroll of summoning {unknown}
 x - a scroll of identify
 y - a scroll of noise {unknown}
Potions
 a - 3 potions of haste
 e - a potion of mutation
 f - a potion of flight
 g - 2 potions of heal wounds
 i - 4 potions of curing
 l - a potion of cancellation {unknown}
 n - a potion of degeneration
 o - 2 potions of resistance
 r - a potion of attraction
 t - a potion of brilliance {unknown}
 z - a potion of invisibility {unknown}


   Skills:
 + Level 4.8 Fighting
 + Level 5.2 Dodging
 + Level 5.6 Unarmed Combat
 - Level 2.0 Spellcasting
 - Level 5.0 Transmutations
 - Level 5.0 Poison Magic


You had 7 spell levels left.
You knew the following spells:

 Your Spells              Type           Power      Damage    Failure   Level
a - Beastly Appendage     Tmut           36%        N/A       10%         1
b - Spider Form           Tmut/Pois      18%        N/A       21%         3

Your spell library contained the following spells:

 Spells                   Type           Power      Damage    Failure   Level
 Sting                    Tmut/Pois      72%        1d6       10%         1
 Wereblood                Tmut           18%        N/A       12%         2
 Poisonous Vapours        Pois/Air       20%        N/A       26%         2
 Olgreb's Toxic Radiance  Pois           18%        N/A       45%         4
 Searing Ray              Conj           2%         2d4       50%         2
 Confusing Touch          Hex            1%         N/A       71%         3
 Ice Form                 Ice/Tmut       10%        N/A       77%         4
 Yara's Violent Unravell  Hex/Tmut       5%         3d4       96%         5
 Enfeeble                 Hex            0%         N/A       100%        7


Dungeon Overview and Level Annotations

Branches:
Dungeon (7/15)             Temple (1/1) D:6

Altars:
Ashenzari
Cheibriados
Gozag
Nemelex Xobeh
Okawaru
Qazlal
Sif Muna
Trog

Shops:
D:2 !   D:4 *   D:5 ?   D:7 [


Innate Abilities, Weirdness & Mutations

You are a venomous arachnid creature.
You have poisonous fangs.
You are tiny and dextrous.
Your spellcasting is less reliable in this form.
Your armour is entirely melded.
You are incapable of wielding weapons or throwing items.
You cannot wear most types of armour.
((You are amphibious.))
You can wear up to eight rings at the same time.
((Your skin changes colour to match your surroundings (Stealth+).))
((Your rubbery body absorbs attacks. (AC +1, EV +1)))
((You are camouflaged when in or above water. (Stealth+)))
((You have tentacles for arms and can constrict up to eight enemies at once.))


Message History

You hit the orc but do no damage.
The orc is poisoned.
The orc misses you.
You hit the orc but do no damage.
The orc looks as sick as possible!
The orc is lightly wounded.
The orc barely misses you.
You hit the orc.
You kill the orc!
Cheibriados appreciates the change of pace.
Something closely misses you. Something barely misses you.
Deactivating autopickup; reactivate with Ctrl-A.
You closely miss something. Something barely misses you.
You bite the orc!
You kill the orc!
Cheibriados thoroughly appreciates the change of pace.
A steam dragon comes into view.
Something closely misses you.
You closely miss something. Something hits you. Something hits you.
Items here: )))) [[ †††.
Your transformation has ended.
Your +2 dagger of venom unmelds from your body.
Your +2 dagger of venom begins to drip with poison!
Something completely misses you.
Things that are here:
a +0 short sword; 3 boomerangs; a +0 ring mail Something hits you!
Something hits you.
Found a glowing helmet.
Something barely misses you. Something hits you. Something hits you!
Something hits you.
* * * LOW HITPOINT WARNING * * *
Casting: Spider Form (dangerous; 8% risk of failure)
Confirm with . or Enter, or press ? or * to list all spells.
You turn into a venomous arachnid creature.
Your +2 dagger of venom melds into your body.
Your +2 dagger of venom stops dripping with poison.
Something hits you.
* * * LOW HITPOINT WARNING * * *
Something hits you.
* * * LOW HITPOINT WARNING * * *
Something hits you!
You die...

#. #..###...#######.
#. #.
#...................
#.#...#######.######.#
...... #..##....#
..#.## ##....# .##. .
##...#
...###...)#######.
#.....##)$.......
#.....s..........
...#.######....... #
#. ......[ # .......
....... .......
....... .......


There were no monsters in sight!

Vanquished Creatures
  Sigmund (D:2)
  A black bear (D:6)
  2 ice beasts
  An ogre (D:6)
  An orc warrior (D:4)
  2 phantoms
  A water moccasin skeleton (D:6)
  3 orc priests
  A jelly (D:4)
  A bullfrog skeleton (D:5)
  2 hounds
  A centaur skeleton (D:6)
  4 iguanas
  5 orc wizards
  A scorpion zombie (D:5)
  6 adders
  A shadow imp (D:6)
  3 dart slugs
  11 orcs
  7 endoplasms
  10 giant cockroaches
  2 goblins
  5 hobgoblins
  4 jackals (D:4)
  8 kobolds
  2 quokkas
  8 ball pythons
  7 bats
  4 frilled lizards
  5 rats
110 creatures vanquished.

Notes
Turn   | Place    | Note
-------+----------+-------------------------------------------
     0 | D:1      | MiltankisOP the Octopode Transmuter began the quest for the
                  | Orb.
     0 | D:1      | Reached XP level 1. HP: 13/13 MP: 3/3
   109 | D:1      | Reached skill level 1 in Poison Magic
   112 | D:1      | Reached XP level 2. HP: 14/18 MP: 3/5
   848 | D:1      | Reached XP level 3. HP: 23/23 MP: 4/6
  1000 | D:2      | Noticed Sigmund
  2330 | D:3      | Reached XP level 4. HP: 26/28 MP: 7/7
  2646 | D:3      | Learned a level 3 spell: Spider Form
  2867 | D:2      | Found a faded altar of an unknown god.
  2932 | D:2      | HP: 1/28 [Sigmund/puff of flame (6)]
  3541 | D:2      | Found Maal's Distillery.
  3548 | D:2      | Bought 2 potions of curing for 66 gold pieces
  3824 | D:2      | Killed Sigmund
  3825 | D:2      | Reached XP level 5. HP: 10/33 MP: 6/8
  3825 | D:2      | Reached XP level 6. HP: 11/38 MP: 6/9
  4337 | D:4      | Reached skill level 5 in Poison Magic
  4608 | D:4      | Found Sur Mapn's Elemental Accessories.
  4636 | D:4      | Reached skill level 5 in Transmutations
  5312 | D:4      | Found a shimmering blue altar of Sif Muna.
  5359 | D:4      | Got Sif Muna's Catalogue of Confrontation
  5364 | D:4      | Found a bloodstained altar of Trog.
  5364 | D:4      | Noticed an orc warrior
  5395 | D:4      | Killed an orc warrior
  5396 | D:4      | Reached XP level 7. HP: 22/45 MP: 6/10
  5697 | D:5      | Entered Level 5 of the Dungeon
  6376 | D:5      | Found a sparkling altar of Nemelex Xobeh.
  7053 | D:5      | Found Fuvabrio's Magic Scroll Shoppe.
  7059 | D:5      | Bought a scroll of teleportation for 39 gold pieces
  7059 | D:5      | Bought a scroll of identify for 26 gold pieces
  7403 | D:6      | Reached XP level 8. HP: 51/52 MP: 5/11
  8005 | D:6      | Reached skill level 5 in Unarmed Combat
  8433 | D:6      | Reached skill level 5 in Dodging
  8779 | D:6      | Found a staircase to the Ecumenical Temple.
  8892 | Temple   | Entered the Ecumenical Temple
  8946 | Temple   | Became a worshipper of Cheibriados the Contemplative
  9013 | D:7      | Found Buips's Armour Shop.
  9154 | D:7      | Slain by an unseen horror

Illustrated notes

Levels and vault maps discovered:
D:1:      minmay_arrival_five_plusses, layout_rooms
D:2:      layout_basic, shapermc_ecumenical_altar_venn, serial_shops,
          nicolae_diamond_shop, minmay_box_of_dots, uniq_sigmund
D:3:      layout_loops_corners, moated_statue
D:4:      layout_gridville, nzn_overflow_gifts_of_might_and_magic,
          nicolae_elemental_shop
D:5:      layout_basic, kennysheep_mini_moat, serial_shops, shop,
          hangedman_decor_riveting
D:6:      black_bear_nest_2, layout_cave_pools, minmay_temple_entry_tees
D:7:      layout_rooms, zin_purify, serial_shops, shop,
          minmay_a_box_with_orc_wizards_in_it
Temple:   hc_temple_tempest_star

Skill      XL: |  1  2  3  4  5  6  7  8 |
---------------+-------------------------+-----
Poison Magic   | 1 2 4 5 |  5.0
Transmutations | 3 4 5 |  5.0
Fighting       | 2 3 4 |  4.8
Dodging        | 3 5 |  5.2
Unarmed Combat | 4 5 |  5.6
Spellcasting   | |  2.0

Action                   |  1- 3 |  4- 6 |  7- 9 || total
-------------------------+-------+-------+-------++-------
Melee: Unarmed           |    22 |    54 |   154 ||   230
       Tentacles         |    18 |     6 |     3 ||    27
       Kick              |    18 |     7 |       ||    25
       Constrict         |    23 |    14 |     2 ||    39
       Punch             |     3 |     2 |     2 ||     7
       Dagger            |    51 |    61 |    13 ||   125
 Cast: Beastly Appendage |    16 |     6 |     1 ||    23
       Spider Form       |       |    11 |    21 ||    32
  Use: Scroll            |       |       |     7 ||     7
 Stab: Sleeping          |     4 |     5 |     1 ||    10
Armor: Skin              |     4 |     5 |    13 ||    22
Dodge: Dodged            |    48 |    70 |   127 ||   245
